 Dungeon Crawl Stone Soup version 0.22.0-6-g71bd7aa (webtiles) character file.

7067 Azzok the Geomancer (level 10, -3/88 HPs)
             Began as a Deep Dwarf Earth Elementalist on Aug 14, 2018.
             Was an Elder of Makhleb.
             Slain by a purple ugly thing (14 damage)
             ... on level 10 of the Dungeon.
             The game lasted 00:24:43 (10218 turns).

Azzok the Geomancer (DDEE)                         Turns: 10218, Time: 00:24:44

Health: -3/88      AC:  5    Str: 13    XL:     10   Next: 83%
Magic:  7/15       EV: 13    Int: 20    God:    Makhleb [****..]
Gold:   461        SH:  0    Dex: 17    Spells: 3/12 levels left

rFire    . . .     SeeInvis .   o - staff of energy
rCold    . . .     Gourm    .   (no shield)
rNeg     . . .     Faith    .   L - +2 robe {MR+}
rPois    .         Spirit   .   (no helmet)
rElec    .         Reflect  .   (no cloak)
rCorr    .         Harm     .   (no gloves)
MR       ++...                  k - +0 pair of boots
Stlth    ++........             a - amulet of magic regeneration
HPRegen  0.00/turn              C - +4 ring of dexterity
MPRegen  0.39/turn              v - +2 ring of intelligence

@: non-regenerating
A: damage resistance, heal wounds, sense surroundings 2, no regeneration
a: Heal Wounds, Minor Destruction, Lesser Servant of Makhleb, Major Destruction,
Renounce Religion


You were on level 10 of the Dungeon.
You worshipped Makhleb.
Makhleb was greatly pleased with you.
You were hungry.

You visited 2 branches of the dungeon, and saw 11 of its levels.

You collected 695 gold pieces.
You spent 234 gold pieces at shops.

Inventory:

Hand Weapons
 B - the +12 long sword of Ruination {holy, *Contam rF++ rN+, unknown}
   (You found it on level 6 of the Dungeon)

   It has been blessed by the Shining One to cause great damage to the undead
   and demons.
   It greatly protects you from fire.
   It protects you from negative energy.
   It causes magical contamination when unequipped.
 H - a +0 whip of electrocution
Missiles
 b - 131 stones (quivered)
Armour
 k - a +0 pair of boots (worn)
 K - the +3 leather armour of the Hot Ocelot {rElec rN+, unknown}
   (You took it off an orc warrior on level 9 of the Dungeon)

   It insulates you from electricity.
   It protects you from negative energy.
 L - a +2 robe of magic resistance (worn)
Magical Staves
 o - an uncursed staff of energy (weapon)
 x - an uncursed staff of power
Jewellery
 a - an amulet of magic regeneration (around neck)
 v - a +2 ring of intelligence (right hand)
 C - a +4 ring of dexterity (left hand)
 D - an uncursed amulet of faith {unknown}
Wands
 s - a wand of paralysis (15)
 F - a wand of iceblast (9)
Scrolls
 c - 2 scrolls of identify
 f - a scroll of enchant armour {unknown}
 g - 5 scrolls of remove curse
 p - 6 scrolls of teleportation {unknown}
 q - a scroll of summoning {unknown}
 r - 2 scrolls of fear {unknown}
 u - a scroll of noise {unknown}
 y - a scroll of magic mapping {unknown}
 z - 2 scrolls of amnesia {unknown}
 A - a scroll of enchant weapon {unknown}
 E - a scroll of random uselessness {unknown}
 G - a scroll of fog {unknown}
Potions
 e - 5 potions of haste
 h - 2 potions of agility
 i - a potion of lignification
 j - 2 potions of magic {unknown}
 l - 2 potions of invisibility {unknown}
 m - a potion of brilliance {unknown}
 n - 2 potions of flight {unknown}
 t - 3 potions of heal wounds
 w - 4 potions of curing
 I - a potion of degeneration {unknown}
 J - a potion of resistance {unknown}
Comestibles
 d - 17 rations


   Skills:
 + Level 5.2 Fighting
 - Level 2.1 Dodging
 - Level 2.4 Stealth
 - Level 1.7 Spellcasting
 + Level 9.1 Conjurations
   Level 0.8 Transmutations
 + Level 13.6 Earth Magic
 + Level 7.7 Invocations


You had 3 spell levels left.
You knew the following spells:

 Your Spells              Type           Power        Failure   Level  Hunger
a - Sandblast             Erth           ######       1%          1    None
b - Stone Arrow           Conj/Erth      #####.       1%          3    None
c - Lee's Rapid Deconstr  Erth           ######....   1%          5    None

Your spell library contained the following spells:

 Spells                   Type           Power        Failure   Level  Hunger
 Regeneration             Chrm/Necr      #.........   43%         3    None
 Passwall                 Tmut/Erth      ####....     1%          2    None
 Petrify                  Tmut/Erth      ####....     9%          4    None
 Shroud of Golubria       Chrm/Tloc      #.........   24%         2    None
 Infusion                 Chrm           #...         16%         1    None
 Song of Slaying          Chrm           #.......     24%         2    None
 Spectral Weapon          Hex/Chrm       #.......     43%         3    None


Dungeon Overview and Level Annotations

Branches:
Dungeon (10/15)            Temple (1/1) D:6            Lair (0/6) D:8
    Orc (0/2) D:10

Altars:
Ashenzari
Cheibriados
Dithmenos
Elyvilon
Fedhas
Gozag
Hepliaklqana
Kikubaaqudgha
Makhleb
Nemelex Xobeh
Okawaru
Qazlal
Ru
Sif Muna
Trog
Uskayaw
Vehumet
Wu Jian
Xom
Yredelemnul
Zin
The Shining One

Shops:
D:5 !

Annotations:
D:6 Sigmund


Innate Abilities, Weirdness & Mutations

You are resistant to damage.
You can heal yourself by infusing magical energy.
You passively map the area around you.
You do not regenerate.


Message History

Aiming: Stone Arrow (safe; 1% risk of failure)
Press: ? - help, Shift-Dir - straight line, f - purple ugly thing
Aim: a purple ugly thing The stone arrow misses the purple ugly thing.
Casting: Stone Arrow (safe; 1% risk of failure)
Confirm with . or Enter, or press ? or * to list all spells.
Aiming: Stone Arrow (safe; 1% risk of failure)
Press: ? - help, Shift-Dir - straight line, f/p - purple ugly thing
Aim: a purple ugly thing The stone arrow hits the purple ugly thing.
The purple ugly thing is lightly wounded.
Casting: Stone Arrow (safe; 1% risk of failure)
Confirm with . or Enter, or press ? or * to list all spells.
Aiming: Stone Arrow (safe; 1% risk of failure)
Press: ? - help, Shift-Dir - straight line, f/p - purple ugly thing
Aim: a purple ugly thing (lightly wounded)
The stone arrow hits the purple ugly thing.
The purple ugly thing is moderately wounded.
The purple ugly thing bites you!!
You die...

···▒▒▒▒▒▒··▒ ░ ▒····▒▒····
···········▒ ░◦·▒ ▒Y·········
····u···u··▒ ▒ ·▒ ▒·Y········
▒▒··▒▒▒▒▒··▒ ▒··▒ ▒··▒▒······
▒··▒ ▒··▒ ▒··▒ ▒··▒▒)····· ▒··▒
▒·u▒▒▒▒▒▒▒··▒▒▒··········
▒··▒▒▒▒▒···················)(···
▒·············u·>·······)▒▒·····
··········▒▒▒▒▒@·▒▒▒▒··)·▒▒·····
···▒▒▒▒▒··▒ ▒··▒ ▒········)··
▒▒··▒ ▒··▒ ▒··▒ ▒········▒▒· ░
▒··▒▒▒▒▒··▒▒▒▒Y··)Y···▒▒·
▒···········<[··········· ◦
▒··>·········Y···········
▒··▒▒▒▒▒▒▒▒▒▒▒▒▒▒▒▒▒▒··▒▒ ◦ ▒··▒
▒·▒▒ ·▒▒▒▒▒·)▒ ▒·▒


You could see 2 ugly things.

Vanquished Creatures
  An unseen horror (D:10)
  Pikel (D:8)
  A hippogriff (D:9)
  A meliai zombie (D:10)
  A wyvern (D:9)
  3 yaks
  A hungry ghost (D:9)
  Duvessa (D:7)
  6 orc warriors
  A hornet zombie (D:8)
  A sky beast (D:6)
  2 slaves (D:8)
  2 black bears
  A phantom (D:5)
  5 ogres
  2 centaurs
  A crocodile (D:9)
  3 big kobolds
  8 bullfrogs
  A gnoll sergeant (D:10)
  Dowan (D:7)
  A scorpion (D:10)
  A water moccasin skeleton (D:10)
  4 killer bees (D:9)
  4 wights (D:9)
  3 howler monkeys (D:9)
  3 vampire bats (D:4)
  7 crimson imps
  A centaur zombie (D:5)
  A bullfrog zombie (D:6)
  A jelly (D:5)
  2 bullfrog skeletons
  10 hounds
  7 orc priests
  9 orc wizards
  A centaur skeleton (D:5)
  An iguana (D:5)
  A worker ant (D:6)
  2 hound zombies (D:7)
  A hound skeleton (D:7)
  2 worker ant zombies
  14 gnolls
  A howler monkey skeleton (D:9)
  12 adders
  3 shadow imps
  An adder zombie (D:6)
  An adder skeleton (D:9)
  3 worms (D:2)
  A dart slug (D:1)
  10 leopard geckos
  42 orcs
  2 bat skeletons (D:4)
  4 bat zombies (D:4)
  7 giant cockroaches
  10 goblins
  10 hobgoblins
  11 jackals
  4 quokkas
  A ball python (D:2)
  7 bats
  4 frilled lizards
  16 kobolds
  2 quokka skeletons
  8 rats
280 creatures vanquished.

Vanquished Creatures (others)
  A slave (D:8)
  7 plants (D:8)
8 creatures vanquished.

Grand Total: 288 creatures vanquished

Notes
Turn   | Place    | Note
-------+----------+-------------------------------------------
     0 | D:1      | Azzok the Deep Dwarf Earth Elementalist began the quest for the Orb.
     0 | D:1      | Reached XP level 1. HP: 15/15 MP: 3/3
   396 | D:1      | Reached XP level 2. HP: 22/22 MP: 2/4
   494 | D:1      | Reached skill level 5 in Earth Magic
  1358 | D:2      | Reached XP level 3. HP: 26/28 MP: 3/5
  1384 | D:2      | Learned a level 3 spell: Stone Arrow
  1571 | D:2      | Reached skill level 6 in Earth Magic
  1789 | D:2      | Reached skill level 1 in Conjurations
  1789 | D:2      | Reached XP level 4. HP: 34/36 MP: 2/6
  1895 | D:2      | Found an ornate altar of the Wu Jian Council.
  2766 | D:3      | Reached XP level 5. HP: 29/42 MP: 2/7
  2985 | D:3      | Reached skill level 7 in Earth Magic
  3666 | D:4      | Reached XP level 6. HP: 48/49 MP: 1/8
  3766 | D:4      | Found an ancient bone altar of Kikubaaqudgha.
  3771 | D:4      | Reached skill level 8 in Earth Magic
  3883 | D:4      | Found a shadowy altar of Dithmenos.
  4273 | D:5      | Entered Level 5 of the Dungeon
  4449 | D:5      | Reached XP level 7. HP: 54/55 MP: 1/9
  4598 | D:5      | Reached skill level 9 in Earth Magic
  4894 | D:5      | Found a sacrificial altar of Ru.
  4915 | D:5      | Found Ishraxt's Distillery.
  4920 | D:5      | Bought 2 potions of heal wounds for 130 gold pieces
  4920 | D:5      | Bought a potion of ambrosia for 104 gold pieces
  4967 | D:6      | Reached skill level 5 in Conjurations
  5131 | D:6      | Noticed Sigmund
  5367 | D:6      | Reached XP level 8. HP: 45/62 MP: 0/10
  5398 | D:6      | Learned a level 5 spell: Lee's Rapid Deconstruction
  5476 | D:6      | Reached skill level 10 in Earth Magic
  5528 | D:6      | Got a twisted long sword
  5684 | D:6      | Found a hazy altar of Hepliaklqana.
  5813 | D:6      | Found a staircase to the Ecumenical Temple.
  5820 | Temple   | Entered the Ecumenical Temple
  5909 | Temple   | Became a worshipper of Makhleb the Destroyer
  6179 | D:7      | Reached skill level 11 in Earth Magic
  6233 | D:7      | Noticed Duvessa
  6253 | D:7      | Noticed Dowan
  6295 | D:7      | Reached * piety under Makhleb
  6713 | D:7      | Gained mutation: You passively map the area around you. [Deep Dwarf growth]
  6713 | D:7      | Reached XP level 9. HP: 36/68 MP: 3/11
  7126 | D:8      | Reached skill level 1 in Invocations
  7176 | D:8      | Reached skill level 1 in Fighting
  7224 | D:8      | Found a staircase to the Lair.
  7225 | D:8      | Noticed a komodo dragon
  7345 | D:8      | Noticed Pikel
  7362 | D:8      | Killed Pikel
  7362 | D:8      | Reached skill level 12 in Earth Magic
  7744 | D:8      | Reached ** piety under Makhleb
  8333 | D:9      | Reached skill level 5 in Invocations
  8444 | D:9      | Found a glowing silver altar of Zin.
  8444 | D:9      | Noticed an angel
  8546 | D:9      | Reached XP level 10. HP: 74/84 MP: 6/13
  8667 | D:9      | Found a shattered altar of Ashenzari.
  8672 | D:9      | Got an encrusted leather armour
  8957 | D:7      | Killed Duvessa
  8965 | D:7      | Killed Dowan
  9087 | D:10     | Entered Level 10 of the Dungeon
  9158 | D:10     | Reached skill level 13 in Earth Magic
  9160 | D:10     | Reached *** piety under Makhleb
  9299 | D:10     | Killed an unseen horror
  9661 | D:10     | Found a staircase to the Orcish Mines.
  9829 | D:9      | Reached skill level 5 in Fighting
  9904 | D:10     | Reached **** piety under Makhleb
 10200 | D:10     | Noticed a purple ugly thing
 10200 | D:10     | Noticed a green ugly thing
 10218 | D:10     | Slain by a purple ugly thing

Skill      XL: |  1  2  3  4  5  6  7  8  9 10 |
---------------+-------------------------------+-----
Earth Magic    | 5 6 7 8 9 11 12 13 | 13.6
Conjurations   | 1 2 3 4 5 7 8 9 |  9.1
Invocations    | 5 7 |  7.7
Fighting       | 3 5 |  5.2
Dodging        | |  2.1
Stealth        | |  2.4
Spellcasting   | |  1.7
Transmutations | |  0.8

Action                   |  1- 3 |  4- 6 |  7- 9 | 10-12 || total
-------------------------+-------+-------+-------+-------++-------
 Cast: Sandblast         |    48 |    68 |    62 |    34 ||   212
       Stone Arrow       |       |    35 |   163 |   100 ||   298
       Lee's Rapid Decon |       |       |       |     7 ||     7
  Use: Scroll            |       |     5 |     2 |       ||     7
       Potion            |       |     1 |       |     1 ||     2
  Eat: Chunk             |     4 |     7 |    12 |     4 ||    27
       Ration            |       |     1 |       |       ||     1
Armor: Robe              |    10 |     8 |    11 |    14 ||    43
Dodge: Dodged            |    16 |    29 |    40 |    47 ||   132
